 Dungeon Crawl Stone Soup version 0.26-a0-660-gc07710193c (console) character file.

Game seed: 7224756093033472562

4 om the Firebug (level 1, 0/11 HPs)
             Began as an Octopode Fire Elementalist on Oct 5, 2020.
             Slain by a hobgoblin
             ... wielding a +0 club
              (7 damage)
             ... on level 1 of the Dungeon.
             The game lasted 00:01:25 (497 turns).

om the Firebug (Octopode Fire Elementalist)          Turns: 497, Time: 00:01:25

Health: 0/11       AC:  1    Str:  7    XL:     1   Next: 70%
Magic:  0/3        EV: 13    Int: 17    God:
Gold:   30         SH:  0    Dex: 12    Spells: 3/4 levels left

rFire    . . .     SeeInvis .   (no weapon)
rCold    . . .     Faith    .   (no shield)
rNeg     . . .     Spirit   .   (helmet restricted)
rPois    .         Reflect  .   (no amulet)
rElec    .         Harm     .   (no ring)
rCorr    .         Rampage  .   (no ring)
MR       .....                  (no ring)
Stlth    +++.......             (no ring)
HPRegen  0.03/turn              (no ring)
MPRegen  0.08/turn              (no ring)
                                (no ring)
                                (no ring)

@: no status effects
A: almost no armour, stealthy swim, amphibious, 8 rings, constrict 8, camouflage
1, gelatinous body 1
a: no special abilities


You were on level 1 of the Dungeon.
You visited 1 branch of the dungeon, and saw 1 of its levels.

You collected 30 gold pieces.

Inventory:

Scrolls
 a - 2 scrolls of teleportation {unknown}
 b - 3 scrolls of identify {unknown}
 c - 3 scrolls of amnesia {unknown}
Potions
 d - a potion of resistance {unknown}
 e - a potion of mutation {unknown}


   Skills:
 + Level 2.0 Dodging
 + Level 2.7 Stealth
 + Level 2.0 Spellcasting
 * Level 1.2 Conjurations
 * Level 3.1 Fire Magic


You had 3 spell levels left.
You knew the following spells:

 Your Spells              Type           Power        Failure   Level
a - Foxfire               Conj/Fire      #...         8%          1

Your spell library contained the following spells:

 Spells                   Type           Power        Failure   Level
 Conjure Flame            Conj/Fire      #.......     24%         3
 Inner Flame              Hex/Fire       #.......     30%         3
 Sticky Flame             Conj/Fire      #.......     61%         4
 Fireball                 Conj/Fire      #.........   91%         5


Dungeon Overview and Level Annotations

Branches:
Dungeon (1/15)

Altars:


Innate Abilities, Weirdness & Mutations

You cannot wear most types of armour.
You are very stealthy in the water. (Stealth+)
You are amphibious.
You can wear up to eight rings at the same time.
You can use your tentacles to constrict eight enemies at once.
Your skin changes colour to match your surroundings (Stealth+).
Your rubbery body absorbs attacks. (AC +1, EV +1)


Message History

The foxfire hits the hobgoblin but does no damage.
The hobgoblin is severely wounded.
The foxfire hits the hobgoblin.
The hobgoblin is moderately wounded.
A hobgoblin comes into view. It is wielding a +0 club.
The kobold throws a stone.
The stone closely misses you.
The hobgoblin shouts!
You hear a shout!
The hobgoblin hits you with a +0 club.
You tentacle-slap the hobgoblin but do no damage.
Your grab misses the hobgoblin.
The hobgoblin is moderately wounded.
The hobgoblin hits you but does no damage.
You tentacle-slap the hobgoblin but do no damage.
You grab the hobgoblin. You squeeze the hobgoblin.
You kill the hobgoblin!
You closely miss the hobgoblin. Your grab misses the hobgoblin.
The hobgoblin is severely wounded.
The hobgoblin hits you with a +0 club!
Ouch! That really hurt!
You die...

..##.##..#....
#....#..## #
###...)##
#....#..##
..##.....# ##
####..#######
##.....(.#
#..####.# ##.#
#.####
#.####)...#####.#
#.......@g......#
##########K######
#.....(....#
=.[.........#
#...........#
#......K....#
#$.K........#
##g.......(.#
............#
####........#


You could see a hobgoblin and a kobold.

Vanquished Creatures
  A bat (D:1)
  2 hobgoblins (D:1)
  A rat (D:1)
4 creatures vanquished.

Vanquished Creatures (others)
  19 foxfires (D:1)
19 creatures vanquished.

Grand Total: 23 creatures vanquished

Notes
Turn   | Place    | Note
-------+----------+-------------------------------------------
     0 | D:1      | om the Octopode Fire Elementalist began the quest for the
                  | Orb.
     0 | D:1      | Reached XP level 1. HP: 11/11 MP: 3/3
   497 | D:1      | Slain by a hobgoblin

Illustrated notes

Levels and vault maps discovered:
D:1:      dpeg_arrival_boxes_within_box, layout_rooms, grunt_decor_mini_mirrors,
          minmay_pentomino_q4

Action                   || total
-------------------------++-------
Melee: Unarmed           ||     5
       Constrict         ||     2
       Tentacles         ||     1
 Cast: Foxfire           ||    10
Dodge: Dodged            ||     3

Table legend: (Time is in decaauts)
 A = Elapsed time spent in this place.
 B = Non-inter-level travel time spent in this place.
 C = Inter-level travel time spent in this place.
 D = Time resting spent in this place.
 E = Time spent auto-exploring this place.
 F = Levels seen in this place.
 G = Mean time per level.
                   A        B        C        D        E       F      G
               +--------+--------+--------+--------+--------+-----+--------+
         Total |    497 |    497 |      0 |    343 |    116 |   1 |  497.0 |
       Dungeon |    497 |    497 |      0 |    343 |    116 |   1 |  497.0 |
               +--------+--------+--------+--------+--------+-----+--------+

Top non-repeatable levels by time:
     D:1: 497 daAuts
